Map: Vaani Research Station (Void)

Players

Yeyeftw

  • Race: Terran Terran
  • League: Master
  • Spawn Location: 12:00

Genix - Winner!

  • Race: Protoss Protoss
  • League: Grandmaster
  • Spawn Location: 6:00

VOD

Have the link to the VOD?

Description

Time

  • Played on: Dec. 28, 2016, 3:43 a.m.
  • Length: 10:18
Show
View Real Time Build Order
Export as new Build Order

Yeyeftw Terran 

Build Orders: Command Center First (CC), MMM Bio 

Get SALT Encoding   

  12  0:00  SCV  
  13  0:12  SCV  
  14  0:24  SCV  
  14  0:28  Supply Depot  
  15  0:49  SCV  
  16  1:01  Command Center, SCV  
  17  1:14  SCV  
  17  1:15  Barracks  
  18  1:26  SCV  
  18  1:31  Barracks  
  19  1:38  SCV  
  20  1:41  Refinery  
  20  1:50  SCV  
  21  2:03  Marine  
  21  2:04  Orbital Command  
  22  2:15  Orbital Command  
  22  2:19  Marine  
  22  2:21  Marine  
  24  2:30  SCV  
  25  2:38  Refinery  
  25  2:40  Barracks Tech Lab  
  25  2:41  Barracks Reactor  
  25  2:43  SCV x2  
  27  2:50  Supply Depot  
  27  2:54  Engineering Bay  
  27  2:55  SCV  
  27  2:56  SCV  
  29  3:00  Marine  
  30  3:07  Stimpack  
  30  3:08  SCV  
  30  3:10  SCV  
  32  3:17  Marine x2  
  32  3:18  Marine  
  35  3:20  SCV  
  35  3:23  SCV  
  35  3:24  Missile Turret  
  37  3:33  Factory  
  37  3:34  Marine  
  37  3:35  SCV, Marine  
  37  3:36  Marine  
  37  3:40  SCV  
  42  3:47  SCV  
  42  3:48  Terran Infantry Weapons Level 1  
  43  3:51  Refinery  
  43  3:52  Marine  
  44  3:56  Missile Turret  
  44  3:58  Marine  
  44  4:02  Supply Depot  
  45  4:03  SCV  
  46  4:12  Supply Depot  
  46  4:20  Starport  
  46  4:21  Factory Reactor  
  46  4:23  Marine x2  
  46  4:24  SCV x2, Marine  
  50  4:30  Supply Depot  
  51  4:36  SCV x2  
  53  4:41  Marine x2  
  53  4:43  Marine  
  56  4:48  SCV x2  
  58  4:59  Marine  
  59  5:04  Command Center  
  59  5:05  Medivac x2  
  63  5:09  SCV  
  63  5:11  SCV, Supply Depot  
  65  5:14  Refinery  
  65  5:15  Marine  
  65  5:17  Combat Shields  
  65  5:19  Marine  
  67  5:24  Armory  
  67  5:25  SCV  
  67  5:26  SCV  
  69  5:31  Engineering Bay  
  69  5:36  Widow Mine  
  69  5:41  Marine  
  69  5:42  Terran Infantry Armor Level 1, Barracks  
  72  5:43  Marine  
  72  5:45  SCV  
  72  5:48  Supply Depot  
  74  5:50  SCV  
  74  5:52  Medivac  
  74  5:57  Marine  
  77  6:03  Supply Depot  
  78  6:09  Widow Mine, Marine  
  78  6:10  SCV  
  78  6:11  SCV, Supply Depot, Marine  
  81  6:33  Marine x2  
  81  6:34  Marauder, Marine  
  81  6:36  Orbital Command  
  81  6:37  Concussive Shells, Liberator  
  81  6:38  Widow Mine  
  88  6:41  SCV, Barracks, Terran Infantry Weapons Level 2  
  88  6:45  Supply Depot  
  88  6:46  SCV  
  92  6:55  Marauder  
  95  7:04  Orbital Command  
  95  7:06  Widow Mine  
  95  7:08  Marine x2, Barracks Tech Lab  
  99  7:14  SCV, Liberator  
  100  7:17  Marauder  
  100  7:19  Supply Depot  
  100  7:20  SCV  
  103  7:26  Marine x2  
  103  7:28  Marauder  
  107  7:30  Barracks Tech Lab, Barracks  
  110  7:38  Marauder  
  110  7:43  Marine  
  110  7:44  Marine  
  110  7:49  Marauder  
  110  7:50  Marauder  
  112  7:51  Widow Mine  
  114  7:59  Marauder  
  114  8:01  Marine x2  
  118  8:08  SCV  
  118  8:10  Marine  
  118  8:11  Marauder  
  122  8:14  Barracks  
  122  8:15  Liberator  
  122  8:16  Liberator  
  122  8:19  Marine x2  
  124  8:20  Marine  
  117  8:28  Marauder  
  117  8:30  Barracks Reactor  
  117  8:32  Widow Mine, Marine  
  128  8:37  Marine x2  
  128  8:39  Marauder  
  132  8:44  Starport  
  132  8:48  Supply Depot  
  128  8:50  Marauder, Marine  
  128  8:55  Marine x2  
  131  9:00  Marauder, Widow Mine  
  131  9:08  Marauder  
  131  9:09  Command Center  
  133  9:11  Marauder  
  133  9:12  Marine  
  133  9:13  Marine  
  133  9:16  Viking x2  
  141  9:23  Missile Turret  
  141  9:25  Missile Turret, Marine, Supply Depot  
  141  9:26  Missile Turret, Supply Depot  
  141  9:29  Missile Turret  
  141  9:30  Widow Mine  
  140  9:33  Marauder  
  140  9:36  Marine  
  140  9:37  Marauder  
  135  9:45  Marauder, Marine x3  
  113  9:54  Marauder, Marine  
Show
View Real Time Build Order
Export as new Build Order

Genix Protoss - Winner!

Build Orders: 1 Gate Expand, Blink Stalkers, Colossus Rush 

Get SALT Encoding   

  12  0:01  Probe (Chrono Boost)  
  13  0:12  Probe (Chrono Boost)  
  14  0:18  Pylon  
  14  0:23  Probe (Chrono Boost)  
  15  0:36  Probe (Chrono Boost)  
  15  0:38  Gateway  
  16  0:44  Assimilator  
  16  0:47  Probe (Chrono Boost)  
  17  0:57  Probe (Chrono Boost)  
  18  1:08  Probe (Chrono Boost)  
  19  1:20  Nexus  
  19  1:24  Probe (Chrono Boost)  
  20  1:34  Cybernetics Core  
  20  1:37  Probe (Chrono Boost)  
  21  1:43  Assimilator  
  21  1:48  Probe (Chrono Boost)  
  21  1:52  Pylon  
  22  1:58  Probe (Chrono Boost)  
  23  2:10  Warp Gate  
  23  2:11  Mothership Core (Chrono Boost)  
  23  2:13  Adept  
  27  2:29  Probe (Chrono Boost)  
  28  2:33  Probe (Chrono Boost)  
  29  2:40  Probe (Chrono Boost)  
  29  2:42  Robotics Facility  
  29  2:43  Probe (Chrono Boost)  
  31  2:50  Probe (Chrono Boost)  
  32  2:54  Probe (Chrono Boost)  
  33  2:58  Twilight Council  
  33  3:01  Probe (Chrono Boost)  
  33  3:04  Probe (Chrono Boost)  
  35  3:12  Probe (Chrono Boost)  
  36  3:14  Pylon  
  36  3:15  Probe (Chrono Boost)  
  37  3:21  Blink  
  37  3:22  Probe (Chrono Boost)  
  39  3:27  Observer, Probe (Chrono Boost)  
  39  3:28  Gateway  
  39  3:29  Gateway  
  41  3:35  Probe (Chrono Boost)  
  42  3:42  Probe (Chrono Boost)  
  42  3:45  Pylon  
  42  3:47  Probe (Chrono Boost)  
  43  3:48  Observer  
  43  3:49  Assimilator  
  43  3:53  Assimilator  
  45  3:55  Probe (Chrono Boost)  
  45  3:59  Probe (Chrono Boost)  
  45  4:00  Pylon  
  46  4:07  Observer  
  46  4:08  Probe (Chrono Boost)  
  49  4:11  Probe (Chrono Boost)  
  49  4:12  Stalker  
  51  4:20  Probe (Chrono Boost)  
  51  4:23  Stalker x2, Probe (Chrono Boost)  
  57  4:31  Observer  
  57  4:37  Pylon  
  60  4:39  Pylon, Probe x2 (Chrono Boost)  
  60  4:43  Forge  
  60  4:50  Robotics Bay  
  60  4:54  Stalker  
  62  5:03  Nexus  
  62  5:05  Pylon  
  62  5:17  Stalker x2, Probe x2 (Chrono Boost)  
  62  5:19  Stalker  
  70  5:23  Protoss Ground Weapons Level 1  
  72  5:29  Probe x2 (Chrono Boost)  
  72  5:30  Colossus  
  78  5:45  Pylon  
  78  5:55  Stalker x3  
  86  6:04  Probe (Chrono Boost)  
  86  6:05  Probe (Chrono Boost)  
  86  6:15  Probe (Chrono Boost)  
  86  6:17  Probe x2 (Chrono Boost)  
  86  6:18  Colossus  
  89  6:20  Stalker x3  
  95  6:26  Probe (Chrono Boost)  
  95  6:29  Probe (Chrono Boost)  
  99  6:42  Probe (Chrono Boost)  
  99  6:43  Extended Thermal Lance, Probe x2 (Chrono Boost)  
  102  6:49  Adept x3, Assimilator, Pylon  
  102  6:53  Assimilator  
  108  6:54  Pylon  
  108  6:55  Pylon  
  108  7:00  Protoss Ground Weapons Level 2, Probe x3 (Chrono Boost)  
  111  7:08  Gateway  
  110  7:10  Gateway x2  
  110  7:11  Gateway  
  110  7:13  Warp Prism  
  110  7:15  Resonating Glaives  
  112  7:28  Adept x3  
  118  7:31  Probe (Chrono Boost)  
  118  7:32  Probe x2 (Chrono Boost)  
  121  7:41  Colossus  
  125  7:51  Adept x2  
  125  7:52  Sentry, Gateway  
  125  7:55  Gateway  
  125  7:56  Gateway  
  131  8:09  Nexus  
  131  8:13  Pylon  
  131  8:15  Adept x3  
  131  8:16  Adept x2  
  141  8:22  Pylon  
  141  8:24  Pylon  
  140  8:33  Colossus  
  140  8:51  Nexus, Stalker x4  
  140  8:54  Pylon  
  148  9:02  Adept x3  
  154  9:07  Templar Archives  
  154  9:20  Probe (Chrono Boost)  
  154  9:21  Probe x2 (Chrono Boost)  
  157  9:24  Pylon  
  155  9:31  Stalker x3  
  155  9:32  Stalker x2  
  163  9:52  Stalker x5  
  145  10:01  Stalker x4  
  144  10:10  Stalker  
Tags
 
Add a new tag
Caveats
  • Supply blocks, unpowered buildings, or Contaminate may cause inaccurate times.
  • Supply counts are checked every 10 seconds.